 Dungeon Crawl Stone Soup version 0.30.1-4-g462c640d31 (webtiles) character file.

Game seed: 3325635251762474723

41 Heoruswealwe the Shooter (level 3, -7/30 HPs)
             Began as a Demigod Hunter on Aug 15, 2023.
             Mangled by Terence
             ... wielding a +4 antimagic flail
              (12 damage)
             ... on level 2 of the Dungeon.
             The game lasted 00:08:03 (956 turns).

Heoruswealwe the Shooter (Demigod Hunter)            Turns: 956, Time: 00:08:03

Health: -7/30      AC:  3    Str: 12    XL:     3   Next: 16%
Magic:  0/5        EV: 12    Int: 11    God:
Gold:   67         SH:  0    Dex: 21    Spells: 2/2 levels left

rFire   . . .        a - +0 shortbow
rCold   . . .        (shield currently unavailable)
rNeg    . . .        c - +0 leather armour
rPois   .            (no helmet)
rElec   .            (no cloak)
rCorr   .            (no gloves)
SInv    .            (no boots)
Will    .....        (no amulet)
Stlth   ++           (no ring)
HPRegen 0.25/turn    (no ring)
MPRegen 0.09/turn

%: no passive effects
@: no status effects
A: high MP 1, forlorn, divine attributes
a: no special abilities


You were on level 2 of the Dungeon.
You visited 1 branch of the dungeon, and saw 2 of its levels.

You collected 67 gold pieces.

Inventory:

Hand Weapons
 a - a +0 shortbow (weapon)
Armour
 c - a +0 leather armour (worn)
Scrolls
 b - 2 scrolls of immolation
 d - 2 scrolls of identify {unknown}
 f - a scroll of torment {unknown}
 h - a scroll of vulnerability {unknown}
 j - a scroll of fear {unknown}
 k - a scroll of silence {unknown}
Potions
 e - a potion of brilliance {unknown}
 g - a potion of lignification {unknown}
 i - a potion of degeneration {unknown}


   Skills:
 + Level 2.7 Fighting
 + Level 4.2 Ranged Weapons
 - Level 1.7 Dodging
 - Level 0.8 Stealth


You had 2 spell levels left.
You didn't know any spells.
Your spell library contained the following spells:

 Spells                   Type           Power      Damage    Failure   Level
 Volatile Blastmotes      Fire/Tloc      0%         2d10      80%         3
 Fulminant Prism          Conj/Hex       0%         3d5       99%         4
 Iskenderun's Mystic Bla  Conj/Tloc      0%         2d3       99%         4
 Lee's Rapid Deconstruct  Erth           0%         3d4*      100%        5


Dungeon Overview and Level Annotations

Branches:
Dungeon (2/15)

Annotations:
D:2 Terence


Innate Abilities, Weirdness & Mutations

You have an increased reservoir of magic. (+10% MP)
You shall have no god before yourself.
Your divine heritage dramatically boosts your attributes as you level up.


Message History

A sourceless malevolence fills the Dungeon... and a teleportation trap spontaneously manifests!
You are yanked towards some nearby monsters!
Your surroundings suddenly seem different.
Terence and a worm come into view.
Terence is wielding a +4 antimagic flail.
Found 10 gold pieces and a hand axe.
A ball python comes into view.
The ball python hisses angrily.
You shoot an arrow.
The arrow closely misses the ball python.
The ball python bites you. The ball python closely misses you.
The ball python bites you but does no damage.
The ball python grabs you. The ball python constricts you.
You shoot an arrow. The arrow hits the ball python.
The ball python is moderately wounded.
The ball python bites you. The ball python constricts you.
The ball python bites you. The ball python constricts you.
You shoot an arrow.
The arrow closely misses the ball python.
The ball python barely misses you. The ball python constricts you.
You shoot an arrow. The arrow hits the ball python.
You kill the ball python!
Terence hits you with a +4 antimagic flail!
You feel your power leaking away. Terence attacks as you move away!
Terence hits you with a +4 antimagic flail.
You see here a ball python corpse.
Terence attacks as you move away!
Terence hits you with a +4 antimagic flail!
* * * LOW HITPOINT WARNING * * *
A bat comes into view.
The bat moves out of view.
A kobold comes into view. It is wielding a +0 short sword.
Found a faded altar of an unknown god.
The kobold shouts!
The kobold throws a stone.
The stone hits you.
* * * LOW HITPOINT WARNING * * *
Terence attacks as you move away!
Terence hits you with a +4 antimagic flail!
You die...

############
#........).#
#.##.##.##.#
####†##..@$...#
###....##....##.#
#.............#
##.#@w~.⌠~~~⌠~...
#..@..~......⌠...#
#.###...####.P.#.#
# ..⌠..K_ P~...#
#..⌠.### .~...#
...~... ...~P~.~
......


You could see Terence, a worm and a kobold.

Vanquished Creatures
  An adder zombie (D:2)
  2 dart slugs
  3 ball pythons
  2 bats (D:1)
  An endoplasm (D:1)
  2 goblins (D:1)
  7 hobgoblins
  2 jackals (D:1)
  2 kobolds
  A quokka (D:1)
  2 ball python zombies (D:2)
  2 frilled lizards (D:1)
  A quokka zombie (D:2)
  3 rats (D:1)
31 creatures vanquished.

Notes
Turn   | Place    | Note
-------+----------+-------------------------------------------
     0 | D:1      | Heoruswealwe the Demigod Hunter began the quest for the
                  | Orb.
     0 | D:1      | Reached XP level 1. HP: 17/17 MP: 3/3
   238 | D:1      | Reached XP level 2. HP: 24/24 MP: 4/4
   392 | D:1      | Reached skill level 4 in Ranged Weapons
   750 | D:2      | Reached XP level 3. HP: 27/30 MP: 5/5
   942 | D:2      | Noticed Terence
   956 | D:2      | Mangled by Terence

Illustrated notes

Levels and vault maps discovered:
D:1:      amcnicky_arrival_single_pillar, layout_loops_ring, minivault_23
D:2:      layout_loops_cross, shapermc_ecumenical_altar_acropolis,
          serial_undead, serial_undead_c, serial_undead_a, serial_undead_a,
          serial_undead_d, uniq_terence

Skill      XL: |  1  2 |
---------------+-------+-----
Fighting       | 2 |  2.7
Ranged Weapons | 4 |  4.2
Dodging        | |  1.7
Stealth        | |  0.8

Action                     || total
---------------------------++-------
   Fire: Shortbow          ||   100
 Armour: Leather armour    ||    14
  Dodge: Dodged            ||    47
